 Dungeon Crawl Stone Soup version 0.28.0 (webtiles) character file.

Game seed: 4121296505328447399

18344 tizbic2 the Basher (level 12, 0/96 HPs)
             Began as a Mummy Necromancer on Feb 5, 2022.
             Was an Elder of Ashenzari.
             Splashed by a goliath frog's acid (8 damage)
             ... on level 1 of the Swamp.
             The game lasted 01:27:02 (13934 turns).

tizbic2 the Basher (Mummy Necromancer)             Turns: 13934, Time: 01:27:08

Health: 0/96       AC: 20    Str: 22    XL:     12   Next: 26%
Magic:  21/27      EV:  7    Int: 23    God:    Ashenzari [****..]
Gold:   305        SH:  0    Dex: 13    Spells: 20/33 levels left

rFire   . . .      SeeInvis +   w - +7 flail (spect)
rCold   + . .      Faith    .   (no shield)
rNeg    + + +      Spirit   .   C - +3 plate armour of the Eye in the Sky {rF+, Comp, Self} (curse)
rPois   ∞          Reflect  .   x - +1 hat "Clairvoyant Paranoia" {Self, Bglg} (curse)
rElec   .          Harm     .   p - +2 cloak
rCorr   .          Rampage  .   f - +2 pair of gloves "Stickiness of Ashenzari" {Str+3, Comp, Fort} (curse)
Will    +....      Clarity  +   z - +0 pair of boots of the Unyielding Gaze {Melee, Range} (curse)
Stlth   ..........              (no amulet)
HPRegen 0.26/turn               v - ring "Unveiling Portent" {Str+6, Range, Melee} (curse)
MPRegen 0.20/turn               e - ring of Toth-Mos's Legacy {Int+6, Fort, Range} (curse)

@: corroded
A: cold resistance 1, negative energy resistance 3, torment resistance 2, heat
vulnerability 1, no potions
a: Renounce Religion, Shatter the Chains


You were on level 1 of the Swamp.
You worshipped Ashenzari.
Ashenzari was greatly pleased with you.
You visited 3 branches of the dungeon, and saw 12 of its levels.
You also visited: Sewer and Bailey.

You collected 653 gold pieces.
You spent 348 gold pieces at shops.

Inventory:

Hand Weapons
 m - a +0 dagger of pain
 q - a +0 fustibalus
 s - the +8 whip of the Glimmering Penguin {venom, rN++ Will+ Str-3}
   (You found it in a sewer)

   It poisons the flesh of those it strikes.
   Str:       It affects your strength (-3).
   rN:        It greatly protects you from negative energy.
   Will:      It increases your willpower.
 w - a +7 spectral flail (weapon)
 D - a +0 morningstar of freezing
 I - the +6 falchion of Debt {drain, Fly rF- Int+7}
   (You found it on level 2 of the Lair of Beasts)

   A truly terrible weapon, it drains the life of any living foe it strikes.
   Int:       It affects your intelligence (+7).
   rF:        It makes you vulnerable to fire.
   Fly:       It grants you flight.
Missiles
 b - 161 bolts
 c - 310 stones (quivered)
 g - 5 poisoned darts
 J - 3 silver boomerangs
Armour
 f - the cursed +2 pair of gloves "Stickiness of Ashenzari" (worn) {Str+3, Comp, Fort}
   (You found it on level 1 of the Dungeon)

   It has a curse which improves the following skills: Companions: Summonings
   and Necromancy.
   Fortitude: Armour and Shields.
 p - a +2 cloak (worn)
 x - the cursed +1 hat "Clairvoyant Paranoia" (worn) {Self, Bglg}
   (You took it off Gastronok on level 9 of the Dungeon)

   It has a curse which improves the following skills: Introspection: Fighting
   and Spellcasting.
   Beguiling: Conjurations, Hexes and Translocations.
 z - the cursed +0 pair of boots of the Unyielding Gaze (worn) {Melee, Range}
   (You found it on level 8 of the Dungeon)

   It has a curse which improves the following skills: Melee Combat: Short
   Blades, Long Blades, Axes, Maces & Flails, Polearms, Staves and Unarmed
   Combat.
   Ranged Combat: Slings, Bows, Crossbows and Throwing.
 C - the cursed +3 plate armour of the Eye in the Sky (worn) {rF+, Comp, Self}
   (You took it off an orc warrior on level 9 of the Dungeon)

   It has a curse which improves the following skills: Companions: Summonings
   and Necromancy.
   Introspection: Fighting and Spellcasting.
 G - a +2 cloak
Magical Staves
 A - a staff of death
Jewellery
 a - a +6 ring of dexterity
 e - the cursed ring of Toth-Mos's Legacy (right hand) {Int+6, Fort, Range}
   (You found it on level 4 of the Dungeon)

   [ring of intelligence]

   Int:       It affects your intelligence (+6).
   It has a curse which improves the following skills: Fortitude: Armour and
   Shields.
   Ranged Combat: Slings, Bows, Crossbows and Throwing.
 h - a ring of willpower
 j - a +4 ring of evasion
 l - a ring of ice
 r - a ring of resist corrosion
 v - the cursed ring "Unveiling Portent" (left hand) {Str+6, Range, Melee}
   (You found it on level 8 of the Dungeon)

   [ring of strength]

   Str:       It affects your strength (+6).
   It has a curse which improves the following skills: Ranged Combat: Slings,
   Bows, Crossbows and Throwing.
   Melee Combat: Short Blades, Long Blades, Axes, Maces & Flails, Polearms,
   Staves and Unarmed Combat.
 F - a ring of protection from cold
 H - a ring of fire
Wands
 o - a wand of flame (19)
 y - a wand of mindburst (11)
 B - a wand of acid (5)
Scrolls
 d - a scroll of fear
 i - 3 scrolls of magic mapping
 k - 6 scrolls of teleportation
 n - 2 scrolls of torment
 t - 3 scrolls of blinking
 u - a scroll of fog
 E - a scroll of amnesia


   Skills:
 + Level 6.5(9.5) Fighting
 + Level 10.8(13.8) Maces & Flails
 - Level 2.2(8.3) Staves
 * Level 9.1(12.0) Armour
 - Level 1.5 Dodging
 - Level 1.5 Stealth
 + Level 8.4(11.4) Spellcasting
 - Level 6.3(9.3) Necromancy
 - Level 3.3 Evocations


You had 20 spell levels left.
You knew the following spells:

 Your Spells              Type           Power      Damage    Failure   Level
a - Pain                  Necr           100%       1d9       1%          1
b - Vampiric Draining     Necr           54%        2d9       3%          3
c - Animate Dead          Necr           27%        N/A       12%         4
d - Agony                 Necr           54%        N/A       34%         5

Your spell library contained the following spells:

 Spells                   Type           Power      Damage    Failure   Level
 Animate Skeleton         Necr           100%       N/A       1%          1
 Slow                     Hex            56%        N/A       45%         1
 Confusing Touch          Hex            14%        N/A       83%         3
 Dazzling Flash           Conj/Hex       28%        N/A       83%         3
 Iskenderun's Mystic Bla  Conj/Tloc      14%        2d5       99%         4
 Starburst                Conj/Fire      6%         6d4       100%        6
 Haunt                    Necr/Summ      17%        N/A       100%        7
 Infestation              Necr           27%        N/A       100%        8


Dungeon Overview and Level Annotations

Branches:
Dungeon (9/15)             Temple (0/1) D:6            Lair (2/6) D:9
  Swamp (1/4) Lair:2        Sewer (visited)          Bailey (visited)
  Snake: Lair:2-4    Spider: Lair:2-4       Orc: D:9-12

Altars:
Ashenzari
Cheibriados
Dithmenos
Elyvilon
Gozag
Zin

Shops:
D:1 [   D:2 ([   D:5 *   D:7 ?   D:8 (*   D:9 (

Portals:
Abyss: D:5

Annotations:
D:5 2 transporters, adizb's ghost, novice OpBr
D:9 1 runed translucent door


Innate Abilities, Weirdness & Mutations

You are immune to poison.
Your flesh is cold resistant. (rC+)
You are immune to negative energy. (rN+++)
You are immune to unholy pain and torment.
You are vulnerable to heat. (rF-)
You do not drink.


Message History

The bunyip closely misses you.
The bunyip claws you but does no damage.
The vampire mosquito bites you but does no damage.
The goliath frog hits you but does no damage.
Casting: Animate Dead (dangerous; 12% risk of failure)
Confirm with . or Enter, or press ? or * to list all spells.
Aiming: Vampiric Draining (mildly dangerous; 3% risk of failure)
Press: ? - help, Shift-Dir - straight line, f - bunyip
Aim: a bunyip (moderately wounded)
You draw life force from the bunyip!
You feel life coursing into your body.
The vampire mosquito bites you but does no damage.
The goliath frog hits you but does no damage.
The vampire mosquito bites you but does no damage.
Casting: Vampiric Draining (mildly dangerous; 3% risk of failure)
Confirm with . or Enter, or press ? or * to list all spells.
Aiming: Vampiric Draining (mildly dangerous; 3% risk of failure)
Press: ? - help, Shift-Dir - straight line, f/p - bunyip
Aim: a bunyip (heavily wounded)
You draw life force from the bunyip.
You feel life coursing into your body.
The vampire mosquito bites you but does no damage.
The goliath frog hits you from afar. The acid corrodes you!
You are splashed with acid!
The vampire mosquito bites you. The goliath frog hits you from afar.
You are splashed with acid!
You hit the vampire mosquito.
The vampire mosquito is almost destroyed.
Your +7 spectral flail hits the vampire mosquito!!
You destroy the vampire mosquito!
The goliath frog completely misses you. The bunyip claws you.
The bunyip claws you but does no damage.
The bunyip claws you!!
* * * LOW HITPOINT WARNING * * *
A vampire mosquito comes into view.
The goliath frog hits you!
* * * LOW HITPOINT WARNING * * *
The acid corrodes you!
You are splashed with acid.
* * * LOW HITPOINT WARNING * * *
The goliath frog hits you.
* * * LOW HITPOINT WARNING * * *
You are splashed with acid!
You die...

*♣§., ......≈≈
,* ♣≈≈♣
.._..≈. ≈,*
♣.§≈♣....... *
♣♣≈.♣≈......♣*
≈ ♣.≈.≈≈.≈R≈?.
* ,*
*♣.≈≈≈≈.♣≈≈ ,
♣.≈≈xF.♣ *,* ≈
♣≈≈§?≈♣♣ **≈
≈≈≈ ♣≈≈@♣♣♣ *
≈, ≈ ♣.F§♣♣♣
*, ♣.R♣♣♣ *
♣..* ≈ ♣.. ≈
.y., * * ,
♣≈♣.≈ *,≈ ** *
,,..♣≈ ,,,, *
*** ,, *≈ ≈ ,≈
≈ *


You could see a bunyip, 2 eleionomae, 2 goliath frogs and a vampire mosquito.

Vanquished Creatures
  Mlioglotl (Lair:2)
  Gastronok (D:9)
  A hydra (Lair:2)
  5 death yaks
  A manticore (D:6)
  6 elephants (Lair:2)
  A black mamba (Lair:2)
  Psyche (D:9)
  2 cane toads
  A polar bear (Lair:2)
  2 tyrant leeches (Lair:2)
  Grinder (D:3)
  10 yaks
  A wyvern (Lair:2)
  A basilisk (Lair:2)
  4 vampire mosquitoes
  A swamp worm (Lair:2)
  Edmund (D:4)
  17 water moccasins
  5 orc warriors
  An ice beast (D:7)
  A swamp drake (Lair:2)
  3 black bears
  An ogre (D:6)
  8 wolves
  2 centaurs (D:9)
  2 kobold brigands
  7 bullfrogs
  A scorpion (D:5)
  4 wights (D:7)
  3 electric eels (Lair:1)
  5 howler monkeys
  2 centaur zombies
  2 hounds
  A centaur skeleton (D:5)
  4 jellies
  2 orc priests (D:7)
  A bullfrog skeleton (D:5)
  2 iguanas
  Natasha (thrice) (D:4)
  3 orc wizards
  A killer bee zombie (D:5)
  2 howler monkey zombies
  5 gnolls
  7 adders
  2 river rats (Sewer)
  A shadow imp (D:6)
  An ufetubus (D:6)
  3 worms
  3 dart slugs
  46 orcs
  2 bats
  14 endoplasms
  11 giant cockroaches
  8 goblins
  6 hobgoblins
  4 jackals (D:5)
  3 quokkas
  8 ball pythons
  8 frilled lizards
  18 kobolds
  7 rats
281 creatures vanquished.

Vanquished Creatures (collateral kills)
  A centaur (D:9)
  An orc priest (D:8)
  3 orcs (Bailey)
5 creatures vanquished.

Vanquished Creatures (others)
  An orc wizard (D:3)
  9 fungi
  22 plants
32 creatures vanquished.

Grand Total: 318 creatures vanquished

Notes
Turn   | Place    | Note
-------+----------+-------------------------------------------
     0 | D:1      | tizbic2 the Mummy Necromancer began the quest for the Orb.
     0 | D:1      | Reached XP level 1. HP: 13/13 MP: 4/4
    85 | D:1      | Reached XP level 2. HP: 3/20 MP: 1/5
   390 | D:1      | Found a faded altar of an unknown god.
   594 | D:1      | Prayed at the altar of an unknown god.
   594 | D:1      | Became a worshipper of Ashenzari the Shackled
   747 | D:1      | Reached skill level 1 in Fighting
   872 | D:1      | Reached XP level 3. HP: 26/26 MP: 7/7
   875 | D:1      | Found Yxagik's Armour Shoppe.
   894 | D:1      | Bought a +0 cloak for 49 gold pieces
  1401 | D:2      | Reached * piety under Ashenzari
  1500 | D:2      | Found Irram's Antique Armour Shoppe.
  1502 | D:2      | Reached skill level 1 in Maces & Flails
  1554 | D:2      | Found Ceyrrex's Weapon Shop.
  1750 | D:3      | Learned a level 3 spell: Vampiric Draining
  2122 | D:3      | Reached XP level 4. HP: 25/32 MP: 1/8
  2664 | D:4      | Reached skill level 1 in Armour
  2677 | D:4      | Reached XP level 5. HP: 38/38 MP: 4/10
  2722 | D:4      | Found an opulent altar of Gozag.
  2722 | D:4      | Found a shadowy altar of Dithmenos.
  2731 | D:4      | Noticed Grinder
  2739 | D:4      | Paralysed by Grinder for 2 turns
  2746 | D:3      | Paralysed by Grinder for 2 turns
  2753 | D:3      | Paralysed by Grinder for 7 turns
  2767 | D:3      | Killed Grinder
  2768 | D:3      | Reached skill level 2 in Maces & Flails
  2768 | D:3      | Reached XP level 6. HP: 27/45 MP: 10/12
  2979 | D:4      | Identified the +1 scale mail of the Yeti {Str+5}
  3218 | D:4      | Noticed Natasha
  3226 | D:4      | Killed Natasha
  3227 | D:4      | Reached skill level 5 in Necromancy
  3333 | D:4      | Noticed Edmund
  3353 | D:4      | Killed Edmund
  3354 | D:4      | Reached skill level 3 in Maces & Flails
  3356 | D:4      | Reached ** piety under Ashenzari
  3500 | D:4      | Noticed Natasha
  3508 | D:4      | Killed Natasha
  3663 | D:4      | Noticed Natasha
  3676 | D:4      | Killed Natasha
  3677 | D:4      | Reached XP level 7. HP: 45/51 MP: 6/13
  3733 | D:5      | Entered Level 5 of the Dungeon
  3901 | D:5      | Found a glowing drain.
  3919 | Sewer    | Entered a sewer
  4052 | Sewer    | Identified the +8 whip of the Glimmering Penguin {venom,
                  | rN++ Will+ Str-3}
  4053 | Sewer    | Found a viscous altar of Jiyva.
  4214 | D:5      | Found a transporter.
  4216 | D:5      | Found a transporter.
  4218 | D:5      | Noticed an ancient zyme
  4225 | D:5      | Noticed adizb's ghost (novice OpBr)
  4250 | D:5      | Found a one-way gate to the infinite horrors of the Abyss.
  4295 | D:5      | Found Iwuasaoh's General Store.
  4309 | D:5      | Reached skill level 5 in Spellcasting
  4317 | D:5      | Reached skill level 4 in Maces & Flails
  4635 | D:6      | Reached XP level 8. HP: 42/58 MP: 15/15
  4883 | D:6      | Found a staircase to the Ecumenical Temple.
  4883 | D:6      | Noticed a manticore
  4892 | D:6      | Killed a manticore
  4893 | D:6      | Reached skill level 5 in Maces & Flails
  5159 | D:6      | Learned a level 4 spell: Animate Dead
  5755 | D:7      | Found Sic Wawk's Magic Scroll Shoppe.
  5758 | D:7      | Reached XP level 9. HP: 63/66 MP: 18/18
  5967 | D:7      | Bought a scroll of enchant weapon for 82 gold pieces
  6690 | D:8      | Learned a level 5 spell: Agony
  6710 | D:8      | Found a snail-covered altar of Cheibriados.
  6715 | D:8      | Reached *** piety under Ashenzari
  6772 | D:8      | Reached skill level 6 in Maces & Flails
  6826 | D:8      | Found a flagged portal.
  6839 | Bailey   | Entered a bailey
  7340 | Bailey   | Noticed an orc knight
  7340 | Bailey   | Noticed an orc knight
  7341 | Bailey   | Noticed an orc knight
  7757 | D:8      | Found Leajokko's Serpentskin Sales.
  7767 | D:8      | Reached skill level 7 in Maces & Flails
  7863 | D:8      | Found Kaucref Faa's Antique Weapon Emporium.
  8052 | D:8      | Reached **** piety under Ashenzari
  8101 | D:8      | Reached skill level 1 in Evocations
  8490 | D:9      | Reached skill level 1 in Staves
  8516 | D:9      | Reached XP level 10. HP: 60/73 MP: 2/19
  9046 | D:9      | Noticed Gastronok
  9072 | D:9      | Killed Gastronok
  9073 | D:9      | Reached skill level 8 in Maces & Flails
  9073 | D:9      | Reached skill level 5 in Armour
  9507 | D:9      | Found a runed translucent door.
  9507 | D:9      | Noticed a sixfirhy
  9568 | D:9      | Noticed Psyche
  9578 | D:9      | Killed Psyche
  9680 | D:9      | Noticed a death yak
  9680 | D:9      | Noticed a death yak
  9691 | D:9      | Noticed a death yak
  9692 | D:9      | Noticed a death yak
  9694 | D:9      | Noticed a death yak
  9700 | D:9      | Killed a death yak
  9750 | D:8      | Killed a death yak
  9751 | D:8      | Reached skill level 9 in Maces & Flails
 10050 | D:9      | Found Yhur Gaits's Antique Weapon Shoppe.
 10061 | D:9      | Bought a runed morningstar for 217 gold pieces
 10177 | D:9      | Killed a death yak
 10192 | D:9      | Killed a death yak
 10193 | D:9      | Reached XP level 11. HP: 24/83 MP: 7/23
 10549 | D:9      | Killed a death yak
 10706 | D:9      | Found a staircase to the Lair.
 10737 | Lair:1   | Entered Level 1 of the Lair of Beasts
 10772 | Lair:1   | Reached skill level 10 in Maces & Flails
 12053 | Lair:2   | Reached skill level 5 in Fighting
 12165 | Lair:2   | Identified the +6 falchion of Debt {drain, Fly rF- Int+7}
 12169 | Lair:2   | Noticed a six-headed hydra
 12181 | Lair:2   | Killed a six-headed hydra
 12805 | Lair:2   | Found a staircase to the Swamp.
 12969 | Lair:2   | Reached XP level 12. HP: 95/95 MP: 24/26
 13268 | Swamp:1  | Entered Level 1 of the Swamp
 13271 | Swamp:1  | Noticed Mlioglotl
 13498 | Swamp:1  | Noticed a bunyip
 13601 | Swamp:1  | Noticed a lich
 13613 | Lair:2   | Killed Mlioglotl
 13928 | Swamp:1  | Noticed an eleionoma
 13929 | Swamp:1  | Noticed an eleionoma
 13934 | Swamp:1  | Splashed by a goliath frog's acid

Illustrated notes

Levels and vault maps discovered:
D:1:      dpeg_arrival_stone_temple_mockup, layout_basic,
          ebering_ecumenical_altar_webs, serial_shops, nicolae_shop_waterfront
D:2:      layout_rooms, serial_shops, nicolae_shop_bloodbath_and_beyond, shop
D:3:      kennysheep_six_static_rooms, layout_basic, serial_rivers,
          chequers_serial_rivers_marsh, chequers_serial_rivers_micro_d,
          chequers_serial_rivers_micro_c, chequers_serial_rivers_small_b,
          chequers_serial_rivers_small_b, chequers_serial_rivers_micro_d
D:4:      layout_rooms, gammafunk_temple_overflow_wave, uniq_grinder,
          uniq_edmund, uniq_natasha
D:5:      layout_cave_pools, serial_shops, shop, gup_sewer_entry_pipe,
          gammafunk_ghost_abyssal_escape
D:6:      layout_rooms, temple_green
D:7:      layout_basic, serial_shops, shop, kennysheep_small_circle
D:8:      layout_gridville, mainiacjoe_overflow_alcove_2,
          cheibrodos_worm_habitat, enter_bailey_3, serial_shops,
          nicolae_shop_competitors_out_of_business, guppyfry_shop_venom
D:9:      cheibrodos_shockbox, layout_layer_cave, dpeg_lair_monsters,
          serial_shops, nicolae_shop_behind_doors, uniq_psyche, uniq_gastronok
Lair:1:   layout_roguey, chequers_serial_rivers_room_a, beast_lair_carwin_8,
          serial_bayou_shore_a, grunt_megastairs_2, serial_bayou_shore_b
Lair:2:   layout_layer_cave, minmay_swamp_entry_reptiles
Swamp:1:  layout_falls_marsh, basic_altar, swamp_pool1,
          nicolae_swamp_bloodsuckers_inc, uniq_mlioglotl

Skill      XL: |  1  2  3  4  5  6  7  8  9 10 11 12 |
---------------+-------------------------------------+-----
Spellcasting   | 3 4 5 6 7 8 |  8.4
Fighting       | 1 2 3 4 6 |  6.5
Maces & Flails | 1 2 3 4 5 7 9 10 | 10.8
Armour         | 1 2 3 4 6 8 9 |  9.1
Necromancy     | 5 6 |  6.3
Evocations     | 3 |  3.3
Staves         | 2 |  2.2
Dodging        | |  1.5
Stealth        | |  1.5

Action                   |  1- 3 |  4- 6 |  7- 9 | 10-12 || total
-------------------------+-------+-------+-------+-------++-------
Melee: Flail             |    95 |   115 |   201 |   170 ||   581
       Punch             |       |     1 |     5 |     5 ||    11
       Whip              |       |       |   162 |   200 ||   362
       Staff             |       |       |     5 |    28 ||    33
       Morningstar       |       |       |       |     9 ||     9
 Fire: Fustibalus        |       |       |       |     3 ||     3
Throw: Stone             |     9 |       |       |     2 ||    11
 Cast: Pain              |    20 |    10 |    13 |    34 ||    77
       Vampiric Draining |     6 |     6 |    28 |    60 ||   100
       Animate Dead      |       |       |    10 |     8 ||    18
Invok: Curse Item        |     2 |     1 |     4 |     3 ||    10
       Shatter the Chain |       |       |     1 |     3 ||     4
  Use: Scroll            |     2 |       |     5 |     4 ||    11
 Stab: Sleeping          |     1 |       |       |       ||     1
Armor: Scale mail        |    23 |    28 |   273 |     5 ||   329
       Robe              |     8 |       |       |       ||     8
       Ring mail         |    20 |    44 |       |       ||    64
       Plate armour      |       |       |       |   319 ||   319
Dodge: Dodged            |    67 |    66 |   281 |   145 ||   559
